 Dungeon Crawl Stone Soup version 0.15.0-16-gce31824 (webtiles) character file.

689 Heini the Covered (level 7, -4/64 HPs)
             Began as a Minotaur Fighter on Sept 6, 2014.
             Killed by divine providence
             ... invoked by an orc priest
              (13 damage)
             ... on Level 5 of the Dungeon.
             The game lasted 00:09:03 (3156 turns).

Heini the Covered (Minotaur Fighter)                Turns: 3156, Time: 00:09:04

HP  -4/64        AC  8     Str 22      XL: 7   Next: 36%
MP   0/3         EV  7     Int  5      God:
Gold 161         SH  9     Dex 10      Spells:  0 memorised,  6 levels left

rFire  . . .     SeeInvis .     a - +0 flail
rCold  + . .     Clarity  .     b - +0 scale mail
rNeg   . . .     rCorr    .     c - +0 shield
rPois  .         rRot     .     (helmet restricted)
rElec  .         Spirit   +     (no cloak)
SustAb .         Warding  .     (no gloves)
rMut   .         Stasis   .     (no boots)
Gourm  .                        i - amulet of guardian spirit
MR     .....                    o - +1 ring of protection
                                f - ring of protection from cold

@: not resistant to hostile enchantments, extremely unstealthy
A: retaliatory headbutt, horns 2
a: no special abilities


You were on level 5 of the Dungeon.
You were not hungry.

You visited 2 branches of the dungeon, and saw 6 of its levels.

You collected 161 gold pieces.

Inventory:

Hand weapons
 a - a +0 flail (weapon)
Armour
 b - a +0 scale mail (worn)
 c - a +0 shield (worn)
 A - a +0 plate armour
Magical devices
 x - a wand of fire (12)
 B - a wand of random effects (13)
Comestibles
 d - 5 bread rations
 j - a chunk of worker ant flesh
 q - 2 beef jerkies
 s - a slice of pizza
 v - a meat ration
Scrolls
 g - 3 scrolls of identify
 h - 3 scrolls of remove curse
 k - 2 scrolls of enchant weapon {unknown}
 l - 2 scrolls of immolation {unknown}
 p - a scroll of magic mapping {unknown}
 r - 2 scrolls of enchant armour {unknown}
 y - 3 scrolls of teleportation {unknown}
 z - a scroll of fear
 D - a scroll of amnesia {unknown}
Jewellery
 f - a ring of protection from cold (left hand)
 i - an amulet of guardian spirit (around neck)
 o - a +1 ring of protection (right hand)
 t - an uncursed ring of protection from fire {unknown}
 C - an uncursed amulet of warding {unknown}
 J - an uncursed ring of positive energy {unknown}
Potions
 e - a potion of might
 m - a potion of resistance {unknown}
 n - a potion of curing
 u - a potion of cure mutation {unknown}
 w - a potion of mutation {unknown}
 E - a potion of poison {unknown}
 G - a potion of heal wounds {unknown}


   Skills:
 * Level 6.7 Fighting
 * Level 5.8 Maces & Flails
 * Level 6.8 Armour
 - Level 3.6 Shields


You had 6 spell levels left.
You didn't know any spells.

Dungeon Overview and Level Annotations

Branches:
Dungeon (5/15)             Temple (1/1) D:4

Altars:
Ashenzari
Dithmenos
Elyvilon
Fedhas
Kikubaaqudgha
Makhleb
Qazlal
Sif Muna
Trog
Vehumet
Xom
Yredelemnul


Innate Abilities, Weirdness & Mutations

You reflexively headbutt those who attack you in melee.
You have a pair of horns on your head.


Message History

* * * LOW HITPOINT WARNING * * *
You block the orc priest's attack.
You hit the orc priest but do no damage.
The orc priest is almost dead.
You block the orc's attack. The orc priest hits you.
* * * LOW HITPOINT WARNING * * *
You thump the orc priest!
You kill the orc priest!
You block the orc's attack.
The orc priest mumbles some strange prayers to Beogh against you.
Something smites you!
* * * LOW HITPOINT WARNING * * *
Drink which item? (? for menu, Esc to quit)
You feel better. You block the orc's attack.
The orc priest prays to Beogh.
You feel a wave of unholy energy pass over you.
You block the orc's attack.
The orc priest mumbles some strange prayers to Beogh against you.
Something smites you!
You die...

##### #######...#
+...oo@...+
#######...# .
####.....# ...
+..'.....# +###+##...
##+#.....#
........#+##(...#+###
........+..#....#
).......#..#....#
........#..'....+


You could see an orc priest and an orc.

Vanquished Creatures
  Purgy (D:3)
  Sigmund (D:2)
  A scorpion (D:4)
  A hound (D:4)
  An orc wizard (D:4)
  A gnoll shaman (D:4)
  An iguana (D:3)
  2 orc priests
  3 worker ants
  2 adders
  9 gnolls
  2 worms
  An ooze (D:2)
  11 orcs
  5 giant cockroaches
  8 hobgoblins
  7 jackals (D:3)
  11 kobolds
  2 quokkas
  2 ball pythons (D:2)
  14 bats
  2 giant geckos
  A giant gecko skeleton (D:4)
  7 giant newts
  11 goblins
  7 rats
114 creatures vanquished.

Notes
Turn   | Place    | Note
--------------------------------------------------------------
     0 | D:1      | Heini, the Minotaur Fighter, began the quest for the Orb.
     0 | D:1      | Reached XP level 1. HP: 19/19 MP: 1/1
   156 | D:1      | Reached XP level 2. HP: 24/27 MP: 1/1
   184 | D:1      | Reached skill level 4 in Fighting
   590 | D:2      | Noticed Sigmund
   598 | D:2      | Killed Sigmund
   598 | D:2      | Reached skill level 5 in Fighting
   598 | D:2      | Reached XP level 3. HP: 22/36 MP: 0/2
   598 | D:2      | Reached XP level 4. HP: 25/42 MP: 0/2
   792 | D:2      | Reached skill level 5 in Armour
   844 | D:2      | Reached XP level 5. HP: 46/48 MP: 2/2
  1617 | D:3      | Noticed Purgy
  1630 | D:3      | Killed Purgy
  1630 | D:3      | Reached skill level 6 in Fighting
  1630 | D:3      | Reached XP level 6. HP: 36/57 MP: 1/3
  2344 | D:4      | Reached skill level 5 in Maces & Flails
  2620 | D:4      | Reached XP level 7. HP: 64/64 MP: 3/3
  2637 | D:4      | Found a staircase to the Ecumenical Temple.
  2654 | Temple   | Entered the Ecumenical Temple
  3095 | D:5      | Entered Level 5 of the Dungeon
  3153 | D:5      | HP: 3/64 [orc priest/divine providence (10)]
  3156 | D:5      | Killed from afar by an orc priest

Action                   |  1- 3 |  4- 6 |  7- 9 || total
-------------------------+-------+-------+-------++-------
Melee: Flail             |    61 |   173 |    56 ||   290
Evoke: Wand              |       |     2 |     1 ||     3
  Use: Scroll            |       |     4 |       ||     4
       Potion            |       |       |     2 ||     2
  Eat: Chunk             |       |     6 |     2 ||     8
